 Dungeon Crawl Stone Soup version 0.14-a0-817-g3f7b0b1 (webtiles) character file.

196 Malachi the Covered (level 4, -1/35 HPs)
             Began as a Djinni Fighter on Nov 12, 2013.
             Killed from afar by an orc wizard (15 damage)
             ... with a puff of frost
             ... on Level 3 of the Dungeon.
             The game lasted 00:03:38 (2467 turns).

Malachi the Covered (Djinni Fighter)                Turns: 2467, Time: 00:03:39

HP  -1/35        AC  9     Str 17      XL: 4   Next: 39%
MP   0/0         EV  6     Int  8      God:
Gold 101         SH 11     Dex 13      Spells:  0 memorised,  3 levels left

Res.Fire  : + + +   See Invis. : .   a - +0 mace
Res.Cold  : x . .   Warding    : .   e - +0 chain mail
Life Prot.: + + +   Conserve   : .   h - +1 buckler {reflect}
Res.Poison: .       Res.Corr.  : .   (no helmet)
Res.Elec. : .       Clarity    : .   (no cloak)
Sust.Abil.: . .     Spirit.Shd : .   (no gloves)
Res.Mut.  : .       Stasis     : .   (boots unavailable)
Res.Rott. : .       Flight     : +   (no amulet)
Saprovore : . . .                    (no ring)
                                     (no ring)

@: flying, slightly resistant to hostile enchantments, extremely unstealthy
A: fire immunity, cold vulnerability, life protection 3
a: no special abilities


You were on level 3 of the Dungeon.
You were not hungry.

You visited 1 branch of the dungeon, and saw 3 of its levels.

You collected 101 gold pieces.

Inventory:

Hand weapons
 a - a +0,+0 mace (weapon)
 n - a +0,+0 spear
Missiles
 g - 3 curare-tipped needles
 p - 5 needles of paralysis
Armour
 c - a +0 shield
 e - a +0 chain mail (worn)
 h - a +1 buckler of reflection (worn)
Scrolls
 b - 5 scrolls of remove curse {unknown}
 i - 2 scrolls of blinking
 k - a scroll of magic mapping {unknown}
 l - 2 scrolls of identify {unknown}
Potions
 d - a potion of might {unknown}
 f - 5 potions of speed {unknown}
 j - a potion of brilliance {unknown}
 m - 3 potions of curing {unknown}
 o - a potion of agility {unknown}


   Skills:
 + Level 2.8 Fighting
 * Level 3.5 Maces & Flails
 + Level 4.0 Armour
 - Level 0.1 Dodging
 - Level 0.1 Stealth
 + Level 3.5 Shields


You had 3 spell levels left.
You didn't know any spells.

Dungeon Overview and Level Annotations

Branches:
Dungeon (3/27)

Altars:


Innate Abilities, Weirdness & Mutations

You are immune to all types of fire, even holy and hellish.
You are vulnerable to cold.
You need no food.
You have no legs.
You are immune to negative energy.


Message History

The kobold hits you but does no damage.
You hit the orc wizard.
The orc wizard is moderately wounded.
The kobold hits you with an orcish dagger.
The orc wizard barely misses you.
You hit the orc wizard.
The orc wizard is heavily wounded.
The kobold hits you but does no damage.
The orc wizard points at you and mumbles some strange words.
The puff of frost hits you!
You feel a terrible chill!
An orc comes into view. It is wielding an orcish falchion.
You barely miss the orc wizard.
The orc wizard is heavily wounded.
The orc shouts!
You hear a shout!
You hear a bark!
You block the kobold's attack.
The orc wizard hits you with an orcish dagger.
The kobold hits you but does no damage.
The orc wizard points at you and mumbles some strange words.
The puff of frost hits you!
You feel a terrible chill!
You die...

≈ . .≈≈ ......
..#.# ### .... ..
##.## o######
##...##o....... #
#....(@)...#
#.##...##K.#.#
#.###..........#
#.........###......
#########.# #....
#.# #####
###########.#
#........##.#
##########
#.######.##.#
#........#


You could see an orc wizard, an orc and a kobold.

Vanquished Creatures
  A worker ant (D:3)
  An adder (D:3)
  A worm (D:2)
  A giant mite (D:2)
  3 giant geckos
  2 orcs (D:3)
  6 bats
  2 giant cockroaches
  9 goblins
  4 hobgoblins
  5 jackals
  2 oozes
  A quokka (D:3)
  A giant newt (D:1)
  4 kobolds
  4 rats
47 creatures vanquished.

Notes
Turn   | Place    | Note
--------------------------------------------------------------
     0 | D:1      | Malachi, the Djinni Fighter, began the quest for the Orb.
     0 | D:1      | Reached XP level 1. HP: 16/16 MP: 0/0
   247 | D:1      | Reached XP level 2. EP: 22/22
   816 | D:2      | Reached XP level 3. EP: 29/29
  2189 | D:3      | Reached XP level 4. EP: 32/35
  2228 | D:3      | Reached skill level 4 in Armour
  2467 | D:3      | Killed from afar by an orc wizard

Action                   |  1- 3 |  4- 6 || total
-------------------------+-------+-------++-------
Melee: Mace              |   188 |    24 ||   212
  Use: Scroll            |     2 |       ||     2
